 Dungeon Crawl Stone Soup version 0.31-a0-1074-g0b22e4e0f1 (webtiles) character file.

Game seed: 14235686372024343042

16 Firecrotchwizard the Chopper (level 2, -4/27 HPs)
             Began as a Hill Orc Monk on Nov 30, 2023.
             Killed from afar by a white imp (7 damage)
             ... with a puff of frost
             ... on level 3 of the Dungeon.
             The game lasted 00:00:51 (293 turns).

Firecrotchwizard the Chopper (Hill Orc Monk)         Turns: 293, Time: 00:00:51

Health: -4/27      AC:  2    Str: 13    XL:     2   Next: 54%
Magic:  2/2        EV: 12    Int: 10    God:
Gold:   22         SH:  0    Dex: 13    Spells: 1/1 levels left

rFire   . . .        a - +0 hand axe
rCold   . . .        d - orb {light}
rNeg    . . .        b - +0 robe
rPois   .            (no helmet)
rElec   .            (no cloak)
rCorr   .            (no gloves)
SInv    .            (no boots)
Will    .....        (no amulet)
Stlth   +            (no ring)
HPRegen 0.24/turn    (no ring)
MPRegen 0.08/turn

%: no passive effects
@: glowing
A: no striking features
a: no special abilities


You were on level 3 of the Dungeon.
You visited 1 branch of the dungeon, and saw 3 of its levels.

You collected 22 gold pieces.

Inventory:

Hand Weapons
 a - a +0 hand axe (weapon)
Armour
 b - a +0 robe (worn)
 d - an orb of light (worn)
Scrolls
 f - a scroll of revelation {unknown}
 g - a scroll of fear {unknown}
 i - a scroll of noise {unknown}
Potions
 c - 2 potions of ambrosia
 e - a potion of attraction {unknown}
 h - a potion of curing {unknown}


   Skills:
 + Level 4.0 Fighting
 * Level 4.8 Axes
 - Level 2.4 Dodging


You had one spell level left.
You didn't know any spells.
Your spell library was empty.

Dungeon Overview and Level Annotations

Branches:
Dungeon (3/15)

Altars:


Message History

The jackal bites you but does no damage.
The jackal barely misses you.
You hit the jackal but do no damage.
The jackal is almost dead.
The jackal bites you.
You slash the jackal!
You kill the jackal!
No target in view!
You start resting.
HP restored.
A jackal comes into view.
The jackal barks!
You hit the jackal but do no damage. The jackal barely misses you.
The jackal closely misses you.
You hit the jackal.
The jackal is severely wounded.
The jackal bites you but does no damage.
You hit the jackal.
You kill the jackal!
No target in view!
There is a stone staircase leading down here.
You climb downwards.
Found 14 gold pieces.
There is a stone staircase leading up here.
There is a shaft here.
Found a stone staircase leading up.
A kobold comes into view. It is wielding a +0 short sword.
The kobold shouts!
You hear a shout!
You slash the kobold!
You kill the kobold!
No target in view!
A kobold comes into view. It is wielding a +0 club.
Things that are here:
a +0 short sword; 14 gold pieces You hit the kobold.
You kill the kobold!
No target in view!
You now have 14 gold pieces.
You see here a +0 short sword.
There is a stone staircase leading up here.
A frilled lizard comes into view.
The frilled lizard hisses angrily.
A frilled lizard is nearby!
Found a stone staircase leading down.
The frilled lizard barely misses you.
You barely miss the frilled lizard.
The frilled lizard bites you but does no damage.
You completely miss the frilled lizard. The frilled lizard misses you.
You hit the frilled lizard.
You kill the frilled lizard!
Your Fighting skill increases to level 4!
No target in view!
c - 2 potions of ambrosia (gained 1)
A bat comes into view.
A bat is nearby!
The bat misses you.
You hit the bat but do no damage. The bat barely misses you.
The bat hits you but does no damage.
You closely miss the bat. The bat barely misses you.
The bat closely misses you.
You hit the bat but do no damage. The bat completely misses you.
The bat misses you.
You hit the bat.
You kill the bat!
You now have 22 gold pieces (gained 8).
You see here a bat corpse.
Found a stone staircase leading up.
There is a stone staircase leading up here.
Found 6 stones.
An endoplasm comes into view.
The endoplasm quivers.
A white imp and 2 orc wizards come into view.
Found a jewelled dagger.
The white imp shouts!
The orc wizard shouts! x2
An orc comes into view. It is wielding a +0 trident.
An orc comes into view. It is wielding a +0 club.
The orc wizard moves out of view.
The orc wizard casts a spell at you. The magic dart hits you!
You hit the endoplasm.
The endoplasm is heavily wounded.
The endoplasm freezes you.
You are frozen.
You hit the endoplasm.
You kill the endoplasm!
The orc wizard casts a spell.
The orc wizard flickers and vanishes!
Deactivating autopickup; reactivate with Ctrl-A.
You barely miss the white imp.
The white imp shouts, "Go and return not, thou grime-gilt kobold-kissing wormtrail!"
The white imp hits you.
* * * LOW HITPOINT WARNING * * *
The white imp freezes you.
* * * LOW HITPOINT WARNING * * *
The white imp gestures at you. The puff of frost hits you.
* * * LOW HITPOINT WARNING * * *
The white imp gestures at you. The puff of frost hits you!
You die...

.#####...##
...........
###############...#.
#..........#####.##.
#............# #†##.
#...######.#.# #.##.
##..# ##....###.##.
#.<# #....#....##.
#.@# #.....######.
##..####.#.#.######.
#.............)..)..
#..o#5######..####..
#...#o# #..# #.#
#...#o. #..# #.#
......... #..# #^#
###...(...# #..# #.#
##....... ...####.#


You could see a white imp and 2 orcs.

Vanquished Creatures
  A ball python (D:1)
  An endoplasm (D:3)
  6 jackals (D:2)
  2 kobolds (D:3)
  2 bats
  A frilled lizard (D:3)
  A rat (D:1)
14 creatures vanquished.

Notes
Turn   | Place    | Note
-------+----------+-------------------------------------------
     0 | D:1      | Firecrotchwizard the Hill Orc Monk began the quest for the
                  | Orb.
     0 | D:1      | Reached XP level 1. HP: 19/19 MP: 1/1
    68 | D:2      | Reached XP level 2. HP: 21/27 MP: 2/2
   293 | D:3      | Killed from afar by a white imp

Illustrated notes

Levels and vault maps discovered:
D:1:      minmay_arrival_stone_box, layout_basic, hangedman_glass_teeth
D:2:      layout_basic, uniq_sigmund
D:3:      layout_loops_ring, mainiacjoe_overflow_alcove_2,
          shapermc_ecumenical_altar_mp_vishouse

Skill      XL: |  1  2 |
---------------+-------+-----
Fighting       | 4 |  4.0
Axes           | |  4.8
Dodging        | |  2.4

Action                     || total
---------------------------++-------
  Melee: Hand axe          ||    55
 Armour: Robe              ||    26
  Dodge: Dodged            ||    44

Table legend: (Time is in decaauts)
 A = Elapsed time spent in this place.
 B = Non-inter-level travel time spent in this place.
 C = Inter-level travel time spent in this place.
 D = Time resting spent in this place.
 E = Time spent auto-exploring this place.
 F = Levels seen in this place.
 G = Mean time per level.
                   A        B        C        D        E       F      G
               +--------+--------+--------+--------+--------+-----+--------+
         Total |    296 |    278 |     18 |     75 |    102 |   3 |   98.7 |
       Dungeon |    296 |    278 |     18 |     75 |    102 |   3 |   98.7 |
               +--------+--------+--------+--------+--------+-----+--------+

Top non-repeatable levels by time:
     D:2: 161 daAuts
     D:3: 88 daAuts
     D:1: 46 daAuts
